AoeStats
← jantotu

Arabia

509593365Analyzed
1v1 RM · 6d ago on Sep 27, 2026· 30m 49s· 2 players
Game mode
Random Map
Map size
Tiny (2 player)
Population
200
Speed
Normal
Resources
Standard
Victory
Conquest
Starting age
Dark Age
Ending age
Imperial Age
RankedLock teamsTeams togetherTeam positionsShared explorationLock speedFull tech treeHidden civsTurbo modeCheats
Victory
Defeat
🇧🇪 Goths · Belgium
1224
+15
🇨🇭 Wu · Switzerland
1212
-15
jantotu
3:16 Loom
11:02 Feudal Age
11:07 Man-at-Arms
17:57 Scale Mail Armor
22:47 Forging
29:15 Castle Age
29:17 Long Swordsman
TLDR
0:47 Loom
10:22 Feudal Age
10:51 Double-Bit Axe
11:24 Man-at-Arms
17:10 Scale Mail Armor
23:31 Castle Age
21:55 Forging
21:35 Horse Collar
23:34 Long Swordsman
24:18 Squires
24:35 Chain Mail Armor
30:41 Iron Casting
29:56 Fletching
Connection lost

Rejoining the realm…

Still unreachable

The connection could not be restored.

Session expired

The server has moved on; the page needs a fresh start.